General information
- name: BNet
- type: Ladder team game (AT/RT)
- host: Battle.net
- saver: DougSandhorst
map: FullScaleAssault
- players: 8
- length: 35:39
- speed: Fast
- version: 1.26 W3XP
- replay type:

» download(228 KB)
Players
team 1 (loser)

»
Ducati (
red | 64 APM | 119 actions | 01:52)
» actions
| Build / train | 10 | |
| ESC pressed | 2 | |
| Enter build submenu | 3 | |
| Right click | 29 | |
| Select / deselect | 40 | |
| Use ability | 35 | |
119 total
» units
» buildings
| Moon Well | 1 | |
| Altar of Elders | 1 | |
| Ancient of War | 1 | |
3 total
» build order
00:15 Moon Well
00:20 Altar of Elders
00:41 Ancient of War
eatmypoo (
pink | 103 APM | 3683 actions | 35:38)
4 Archmage
2 Blizzard
2 Brilliance Aura
3 Mountain King
2 Storm Bolt
1 Bash
4 Paladin
2 Holy Light
1 Divine Shield
1 Devotion Aura
» actions
| Assign group hotkey | 9 | |
| Basic commands | 50 | |
| Build / train | 101 | |
| ESC pressed | 1 | |
| Enter build submenu | 83 | |
| Enter hero's abilities submenu | 11 | |
| Give item / drop item | 8 | |
| Right click | 1518 | |
| Select / deselect | 354 | |
| Select group hotkey | 1245 | |
| Use ability | 302 | |
3683 total
» units
| Peasant | 34 | |
| Goblin Zeppelin | 1 | |
35 total
» upgrades
| Masonry | 3 | |
| Magic Sentry | 1 | |
| Lumber Harvesting | 2 | |
6 total
» buildings
| Altar of Kings | 1 | |
| Farm | 3 | |
| Lumber Mill | 2 | |
| Scout Tower | 124 | |
| Guard Tower | 31 | |
| Moon Well | 3 | |
| Town Hall | 3 | |
| Arcane Tower | 2 | |
| Keep | 1 | |
| Castle | 1 | |
| Arcane Sanctum | 1 | |
| Arcane Vault | 3 | |
175 total
» build order
00:06 Altar of Kings
00:10 Farm
00:42 Lumber Mill
02:04 Scout Tower
02:04 Scout Tower
02:34 Farm
02:35 Farm
02:37 Guard Tower
02:40 Scout Tower
02:41 Scout Tower
02:43 Scout Tower
03:06 Lumber Mill
03:35 Guard Tower
03:36 Scout Tower
04:14 Guard Tower
04:18 Moon Well
04:19 Moon Well
04:20 Moon Well
04:45 Scout Tower
04:45 Scout Tower
04:48 Scout Tower
05:46 Town Hall
05:59 Arcane Tower
06:02 Scout Tower
06:03 Scout Tower
06:41 Keep
06:44 Guard Tower
07:06 Guard Tower
07:11 Scout Tower
07:12 Scout Tower
07:12 Scout Tower
07:13 Scout Tower
07:38 Town Hall
07:45 Guard Tower
07:51 Scout Tower
07:51 Scout Tower
07:52 Scout Tower
07:53 Scout Tower
07:53 Scout Tower
07:54 Scout Tower
08:13 Guard Tower
08:15 Scout Tower
08:32 Guard Tower
09:23 Castle
09:48 Town Hall
09:56 Arcane Tower
10:45 Scout Tower
10:46 Scout Tower
10:46 Scout Tower
10:47 Scout Tower
10:48 Scout Tower
10:49 Scout Tower
10:50 Guard Tower
11:06 Arcane Sanctum
11:51 Arcane Vault
11:52 Arcane Vault
12:11 Guard Tower
12:14 Scout Tower
12:15 Scout Tower
12:16 Scout Tower
12:16 Scout Tower
13:03 Guard Tower
13:07 Scout Tower
13:08 Scout Tower
13:09 Scout Tower
13:38 Guard Tower
15:03 Guard Tower
15:04 Scout Tower
15:05 Scout Tower
15:06 Scout Tower
15:07 Scout Tower
15:24 Guard Tower
15:25 Scout Tower
15:26 Scout Tower
15:26 Scout Tower
16:46 Arcane Vault
16:50 Guard Tower
16:53 Scout Tower
16:54 Scout Tower
16:54 Scout Tower
16:55 Scout Tower
16:55 Scout Tower
16:56 Scout Tower
16:59 Scout Tower
17:00 Scout Tower
17:00 Scout Tower
17:01 Scout Tower
17:02 Guard Tower
17:22 Scout Tower
17:23 Scout Tower
17:23 Scout Tower
17:24 Scout Tower
17:25 Scout Tower
17:25 Scout Tower
17:27 Scout Tower
17:27 Scout Tower
17:53 Scout Tower
17:54 Scout Tower
17:54 Scout Tower
17:57 Scout Tower
17:57 Scout Tower
17:59 Scout Tower
18:00 Scout Tower
18:02 Guard Tower
20:08 Guard Tower
20:11 Scout Tower
20:11 Scout Tower
20:12 Scout Tower
20:12 Scout Tower
20:13 Scout Tower
20:14 Scout Tower
20:14 Scout Tower
20:15 Scout Tower
20:16 Guard Tower
20:17 Scout Tower
20:18 Scout Tower
20:19 Scout Tower
20:19 Scout Tower
20:20 Scout Tower
20:20 Scout Tower
20:21 Scout Tower
21:11 Scout Tower
21:12 Scout Tower
21:12 Scout Tower
21:13 Scout Tower
21:13 Scout Tower
21:14 Scout Tower
21:15 Guard Tower
21:20 Scout Tower
21:21 Scout Tower
21:22 Scout Tower
21:22 Scout Tower
23:19 Guard Tower
23:21 Scout Tower
23:22 Scout Tower
23:23 Scout Tower
23:24 Scout Tower
23:24 Scout Tower
23:25 Scout Tower
23:27 Guard Tower
23:28 Scout Tower
23:29 Scout Tower
23:31 Scout Tower
23:33 Scout Tower
23:34 Scout Tower
23:34 Scout Tower
23:58 Guard Tower
24:08 Scout Tower
24:18 Guard Tower
24:56 Guard Tower
25:07 Scout Tower
25:08 Scout Tower
25:09 Scout Tower
25:09 Scout Tower
25:36 Scout Tower
25:37 Scout Tower
25:38 Scout Tower
25:45 Guard Tower
26:10 Guard Tower
26:11 Scout Tower
26:12 Scout Tower
26:13 Scout Tower
26:14 Scout Tower
26:42 Guard Tower
27:01 Guard Tower
27:58 Guard Tower
27:59 Scout Tower
28:00 Scout Tower
28:00 Scout Tower
28:00 Scout Tower
28:02 Guard Tower
28:03 Scout Tower
28:04 Scout Tower
28:05 Scout Tower
28:05 Scout Tower
» items
| Staff of Teleportation | 3 | |
| Boots of Speed | 1 | |
| Staff of Sanctuary | 3 | |
| Orb of Fire | 3 | |
10 total
absoluteliggy (
green | 121 APM | 4312 actions | 35:38)
4 Mountain King
2 Storm Bolt
2 Bash
3 Keeper of the Grove
2 Entangling Roots
1 Thorns Aura
4 Paladin
2 Holy Light
2 Divine Shield
3 Blood Mage
1 Banish
1 Siphon Mana
1 Flame Strike
» actions
| Assign group hotkey | 354 | |
| Basic commands | 46 | |
| Build / train | 122 | |
| Enter build submenu | 66 | |
| Enter hero's abilities submenu | 14 | |
| Give item / drop item | 10 | |
| Right click | 2142 | |
| Select / deselect | 503 | |
| Select group hotkey | 795 | |
| Use ability | 257 | |
4312 total
» units
| Peasant | 24 | |
| Dragonhawk Rider | 7 | |
| Gryphon Rider | 11 | |
42 total
» upgrades
| Masonry | 3 | |
| Lumber Harvesting | 2 | |
| Magic Sentry | 1 | |
| Sorceress Training | 1 | |
| Priest Training | 1 | |
| Control Magic | 1 | |
| Cloud | 1 | |
| Storm Hammers | 1 | |
| Swords | 2 | |
| Armor | 2 | |
| Animal War Training | 1 | |
16 total
» buildings
| Altar of Kings | 1 | |
| Farm | 6 | |
| Lumber Mill | 1 | |
| Scout Tower | 57 | |
| Arcane Tower | 6 | |
| Guard Tower | 22 | |
| Keep | 1 | |
| Arcane Vault | 4 | |
| Town Hall | 2 | |
| Castle | 1 | |
| Arcane Sanctum | 1 | |
| Gryphon Aviary | 2 | |
| Barracks | 2 | |
| Blacksmith | 1 | |
107 total
» build order
00:03 Altar of Kings
00:19 Farm
00:53 Farm
01:04 Lumber Mill
01:16 Farm
01:55 Scout Tower
02:08 Scout Tower
02:31 Arcane Tower
02:32 Scout Tower
02:35 Scout Tower
02:41 Guard Tower
02:50 Scout Tower
03:06 Arcane Tower
03:12 Scout Tower
03:18 Guard Tower
03:27 Scout Tower
03:30 Scout Tower
03:42 Guard Tower
04:16 Arcane Tower
04:18 Scout Tower
04:36 Guard Tower
05:02 Keep
05:03 Guard Tower
06:19 Arcane Vault
06:28 Scout Tower
06:28 Arcane Vault
06:44 Scout Tower
06:45 Scout Tower
06:46 Scout Tower
07:00 Farm
07:10 Arcane Tower
07:36 Guard Tower
07:39 Scout Tower
08:09 Guard Tower
08:23 Town Hall
08:30 Guard Tower
08:51 Scout Tower
08:52 Scout Tower
08:52 Scout Tower
08:53 Scout Tower
08:57 Scout Tower
08:58 Scout Tower
09:53 Arcane Tower
09:54 Guard Tower
09:55 Guard Tower
11:31 Scout Tower
11:31 Scout Tower
11:33 Guard Tower
11:35 Scout Tower
11:36 Scout Tower
12:31 Guard Tower
12:33 Scout Tower
12:36 Scout Tower
12:36 Scout Tower
12:37 Castle
12:41 Arcane Sanctum
13:18 Guard Tower
13:23 Scout Tower
13:24 Scout Tower
13:24 Scout Tower
14:10 Guard Tower
14:12 Scout Tower
14:15 Scout Tower
14:16 Scout Tower
15:19 Guard Tower
15:21 Scout Tower
15:23 Guard Tower
16:32 Guard Tower
16:33 Arcane Vault
16:36 Arcane Vault
17:20 Scout Tower
17:20 Scout Tower
17:21 Scout Tower
17:22 Scout Tower
17:22 Scout Tower
17:31 Scout Tower
18:00 Scout Tower
18:01 Scout Tower
18:01 Scout Tower
18:02 Scout Tower
18:02 Scout Tower
18:03 Scout Tower
18:03 Scout Tower
18:04 Scout Tower
18:04 Scout Tower
18:05 Scout Tower
18:05 Scout Tower
20:13 Guard Tower
20:20 Scout Tower
20:23 Scout Tower
20:24 Guard Tower
21:12 Guard Tower
21:15 Scout Tower
21:21 Gryphon Aviary
21:22 Gryphon Aviary
21:23 Barracks
21:26 Barracks
21:27 Blacksmith
23:16 Guard Tower
23:18 Scout Tower
23:21 Scout Tower
23:22 Scout Tower
23:24 Arcane Tower
26:24 Farm
26:25 Farm
26:54 Guard Tower
27:28 Town Hall
» items
| Boots of Speed | 3 | |
| Staff of Teleportation | 4 | |
| Scroll of Regeneration | 3 | |
| Circlet of Nobility | 2 | |
| Orb of Fire | 3 | |
| Staff of Sanctuary | 2 | |
17 total

»
truth34 (
yellow | 24 APM | 50 actions | 02:05)
» actions
| Build / train | 7 | |
| Enter build submenu | 3 | |
| Right click | 9 | |
| Select / deselect | 25 | |
| Use ability | 6 | |
50 total
» units
» buildings
| Moon Well | 1 | |
| Altar of Elders | 1 | |
| Ancient of War | 1 | |
3 total
» build order
00:11 Moon Well
00:15 Altar of Elders
00:20 Ancient of War
team 2 (winner)

»
Naxx (
orange | 40 APM | 1185 actions | 29:18)
4 Demon Hunter
2 Mana Burn
2 Evasion
» actions
| Assign group hotkey | 10 | |
| Basic commands | 61 | |
| Build / train | 53 | |
| ESC pressed | 1 | |
| Enter build submenu | 30 | |
| Enter hero's abilities submenu | 4 | |
| Give item / drop item | 4 | |
| Remove unit from queue | 1 | |
| Right click | 543 | |
| Select / deselect | 229 | |
| Select group hotkey | 169 | |
| Use ability | 80 | |
1185 total
» units
| Wisp | 17 | |
| Archer | 6 | |
| Goblin Shredder | 1 | |
| Goblin Zeppelin | 1 | |
| Hippogryph | 3 | |
| Chimaera | 6 | |
34 total
» upgrades
| Well Spring | 1 | |
| Strength of the Wild | 3 | |
| Reinforced Hides | 2 | |
| Corrosive Breath | 1 | |
7 total
» buildings
| Altar of Elders | 1 | |
| Moon Well | 10 | |
| Ancient of War | 1 | |
| Ancient of Wonders | 1 | |
| Tree of Ages | 1 | |
| Hunter's Hall | 1 | |
| Ancient Protector | 7 | |
| Tree of Eternity | 1 | |
| Tree of Life | 2 | |
| Ancient of Wind | 3 | |
| Chimaera Roost | 3 | |
31 total
» build order
00:07 Altar of Elders
00:12 Moon Well
00:40 Ancient of War
01:24 Moon Well
02:21 Ancient of Wonders
04:18 Tree of Ages
04:20 Hunter's Hall
06:04 Ancient Protector
06:06 Ancient Protector
06:08 Ancient Protector
06:10 Ancient Protector
06:12 Ancient Protector
06:14 Ancient Protector
06:23 Moon Well
06:26 Moon Well
07:31 Tree of Eternity
07:56 Ancient Protector
08:41 Tree of Life
09:23 Tree of Life
12:33 Ancient of Wind
13:10 Ancient of Wind
13:11 Ancient of Wind
13:31 Moon Well
13:32 Moon Well
13:32 Moon Well
15:40 Chimaera Roost
15:41 Chimaera Roost
15:42 Chimaera Roost
23:34 Moon Well
23:34 Moon Well
23:35 Moon Well
» items
| Healing Salve | 2 | |
| Scroll of Speed | 1 | |
| Potion of Healing | 1 | |
4 total
FCB (
purple | 20 APM | 702 actions | 35:38)
4 Far Seer
2 Feral Spirit
2 Chain Lighting
» actions
| Basic commands | 5 | |
| Build / train | 100 | |
| Enter build submenu | 15 | |
| Enter hero's abilities submenu | 4 | |
| Give item / drop item | 6 | |
| Remove unit from queue | 3 | |
| Right click | 284 | |
| Select / deselect | 244 | |
| Use ability | 41 | |
702 total
» units
| Peon | 13 | |
| Troll Headhunter/Berserker | 14 | |
| Shaman | 15 | |
| Demolisher | 27 | |
69 total
» upgrades
| Ranged Weapons | 2 | |
| Armor | 2 | |
| Spiked Barricades | 1 | |
| Troll Regeneration | 1 | |
| Shaman Training | 2 | |
| Berserker Upgrade | 1 | |
| Burning Oil | 1 | |
10 total
» buildings
| Orc Burrow | 7 | |
| Altar of Storms | 1 | |
| Barracks | 1 | |
| Voodoo Lounge | 1 | |
| War Mill | 1 | |
| Stronghold | 1 | |
| Fortress | 1 | |
| Spirit Lodge | 1 | |
| Watch Tower | 2 | |
16 total
» build order
00:29 Orc Burrow
00:47 Altar of Storms
00:58 Barracks
01:40 Orc Burrow
02:01 Voodoo Lounge
02:15 War Mill
03:08 Orc Burrow
04:51 Stronghold
06:48 Orc Burrow
06:54 Orc Burrow
07:15 Fortress
07:30 Spirit Lodge
13:03 Watch Tower
13:09 Watch Tower
13:22 Orc Burrow
13:30 Orc Burrow
» items
| Healing Salve | 1 | |
| Lesser Clarity Potion | 2 | |
| Scroll of Speed | 3 | |
| Potion of Healing | 2 | |
| Potion of Mana | 3 | |
11 total
DougSandhorst (
blue | 85 APM | 3023 actions | 35:39)
2 Blademaster
1 Wind Walk
1 Critical Strike
1 Naga Sea Witch
1 Mana Shield
1 Goblin Tinker
1 Pocket Factory
» actions
| Assign group hotkey | 8 | |
| Basic commands | 188 | |
| Build / train | 48 | |
| Enter build submenu | 34 | |
| Enter hero's abilities submenu | 4 | |
| Give item / drop item | 2 | |
| Remove unit from queue | 1 | |
| Right click | 1744 | |
| Select / deselect | 448 | |
| Select group hotkey | 164 | |
| Use ability | 380 | |
3023 total
» units
| Peon | 12 | |
| Shaman | 9 | |
| Goblin Zeppelin | 1 | |
| Troll Witch Doctor | 1 | |
23 total
» upgrades
» buildings
| War Mill | 2 | |
| Altar of Storms | 1 | |
| Orc Burrow | 3 | |
| Great Hall | 1 | |
| Watch Tower | 27 | |
| Voodoo Lounge | 2 | |
| Stronghold | 1 | |
| Fortress | 3 | |
| Spirit Lodge | 3 | |
43 total
» build order
00:07 War Mill
00:27 Altar of Storms
00:40 Orc Burrow
04:44 Great Hall
05:04 Orc Burrow
05:05 Watch Tower
05:06 Watch Tower
05:10 War Mill
05:13 Voodoo Lounge
06:10 Watch Tower
06:55 Watch Tower
06:56 Watch Tower
07:15 Watch Tower
08:24 Watch Tower
08:26 Watch Tower
09:23 Stronghold
09:29 Watch Tower
09:29 Watch Tower
09:30 Watch Tower
10:05 Watch Tower
10:06 Watch Tower
10:06 Watch Tower
11:54 Fortress
11:54 Fortress
12:39 Watch Tower
12:40 Watch Tower
12:41 Watch Tower
12:43 Orc Burrow
12:47 Watch Tower
13:14 Spirit Lodge
13:25 Spirit Lodge
16:08 Spirit Lodge
18:14 Watch Tower
18:15 Watch Tower
18:16 Watch Tower
18:16 Watch Tower
18:19 Watch Tower
18:20 Watch Tower
18:21 Watch Tower
18:21 Watch Tower
18:22 Watch Tower
28:57 Voodoo Lounge
» items
| Boots of Speed | 2 | |
| Staff of Teleportation | 3 | |
| Healing Salve | 1 | |
| Lesser Clarity Potion | 1 | |
| Orb of Lightning | 1 | |
8 total
SantaBroughtA4s (
teal | 74 APM | 2626 actions | 35:38)
3 Blademaster
2 Wind Walk
1 Critical Strike
1 Naga Sea Witch
1 Mana Shield
1 Goblin Tinker
1 Pocket Factory
» actions
| Assign group hotkey | 102 | |
| Basic commands | 74 | |
| Build / train | 56 | |
| ESC pressed | 3 | |
| Enter build submenu | 21 | |
| Enter hero's abilities submenu | 7 | |
| Give item / drop item | 2 | |
| Remove unit from queue | 3 | |
| Right click | 1375 | |
| Select / deselect | 543 | |
| Select group hotkey | 201 | |
| Use ability | 239 | |
2626 total
» units
| Peon | 14 | |
| Shaman | 4 | |
| Goblin Zeppelin | 1 | |
19 total
» upgrades
» buildings
| Altar of Storms | 2 | |
| Orc Burrow | 4 | |
| War Mill | 2 | |
| Watch Tower | 1 | |
| Great Hall | 2 | |
| Voodoo Lounge | 1 | |
| Stronghold | 2 | |
| Fortress | 3 | |
| Beastiary | 2 | |
| Spirit Lodge | 4 | |
23 total
» build order
00:04 Altar of Storms
00:05 Orc Burrow
00:07 Altar of Storms
00:42 War Mill
01:54 Orc Burrow
02:30 Watch Tower
05:14 Great Hall
05:17 Great Hall
05:25 War Mill
06:53 Voodoo Lounge
08:50 Stronghold
08:50 Stronghold
08:54 Orc Burrow
08:55 Orc Burrow
11:14 Fortress
11:14 Fortress
12:45 Beastiary
12:47 Beastiary
13:06 Spirit Lodge
13:07 Spirit Lodge
13:13 Spirit Lodge
13:14 Spirit Lodge
» items
| Boots of Speed | 3 | |
| Staff of Teleportation | 3 | |
| Circlet of Nobility | 4 | |
| Lesser Clarity Potion | 2 | |
| Healing Salve | 1 | |
| Orb of Lightning | 1 | |
14 total
Chat log
(00:06 / All) truth34: What are a4s?
(00:07 / All) Ducati: So much noob shit
(00:10 / All) Ducati: audis
(00:18 / Allies) Naxx: fuckin bullshit man
(00:21 / Allies) FCB: lol
(00:28 / All) Ducati: audi a4 i presume
(00:29 / Allies) Naxx: i've lost five games in a row because of fuckin bsers
(00:30 / All) truth34: he brought how many a4s?
(00:50 / Allies) FCB: hh shams
(01:36 / Allies) SantaBroughtA4s: let's creep expos
(01:49 / All) Ducati: FUCK YOU
(02:45 / Allies) FCB: lol
(03:24 / All) DougSandhorst: im going to live with enemy
(03:47 / All) Naxx: bitch
(04:02 / Allies) Naxx: nice scroll btw
(04:09 / Allies) FCB: lol tu
(08:55 / Allies) Naxx: expand people
(08:56 / Allies) Naxx: jesus
(09:01 / Allies) SantaBroughtA4s: JESUS H CHRIST
(09:04 / Allies) SantaBroughtA4s: WOULD U MAKE A BASE
(10:11 / All) eatmypoo: B1TCH
(10:15 / All) Naxx: lol
(10:48 / Allies) FCB: lumber plz
(11:32 / Allies) FCB: emmm
(11:42 / Allies) Naxx: ITOD
(11:51 / Allies) Naxx: WHO THE FUCK DID THAT>?!?!?!?!
(12:05 / Allies) Naxx: peice of the fucking SHIT blue
(12:05 / Allies) FCB: lummber
(14:54 / Allies) Naxx: YOU FUCKING IDIOT!!!!!!!!!!!!!!!!!!!!!!!!!!!!!!!!!!!!!!!!!!!!!!!!!!!!!!!!!!!!!!!!!!
(15:07 / Allies) Naxx: jesus fucking CHIRST in fucking HEAVEN
(15:20 / Allies) Naxx: dumb peice of shit
(16:28 / Allies) FCB: i dont know what the fuck r u guys doing
(16:32 / Allies) Naxx: we lsot this because of fucking blue
(16:41 / Allies) Naxx: fucking 7k gold
(16:50 / Allies) DougSandhorst: HEY sorry i was afk
(16:55 / All) DougSandhorst: whats planguys
(17:37 / Allies) Naxx: blue share your fucking gold
(17:50 / Allies) SantaBroughtA4s: what do u need it for idiot
(17:52 / Allies) SantaBroughtA4s: u just build towers
(18:01 / Allies) SantaBroughtA4s: what good is a tower.. who has ever won a game with towers.. nobody
(18:02 / Allies) Naxx: use your eyes
(18:15 / Allies) Naxx: lmfao
(18:24 / Allies) Naxx: this is the saddest bunch i've ever seen
(18:28 / Allies) Naxx: besides you purp
(19:02 / Allies) Naxx: teal want to bitch about me having towers and no one has everone with towers...people have and have NEVER won with mass shammie
(19:07 / Allies) Naxx: fucking moron
(19:48 / Allies) FCB: wtf is this
(19:54 / Allies) SantaBroughtA4s: im helping u out
(19:56 / Allies) SantaBroughtA4s: giving u shileld
(20:06 / Allies) SantaBroughtA4s: say thanks next time... ungrateful swinge
(20:48 / All) SantaBroughtA4s: OPMG WTF ELF JUST ATTACK ME HIS TEAMMATE
(21:49 / Allies) Naxx: get the fuck away from teal purple
(21:56 / Allies) Naxx: are you all really this retarded?!?!?!?!??!?!
(21:57 / Allies) FCB: oh shit
(22:03 / Allies) SantaBroughtA4s: shut up dude
(22:03 / Allies) FCB: omg
(22:04 / Allies) SantaBroughtA4s: at least i'm helping
(22:06 / Allies) SantaBroughtA4s: i'm giving him shield
(22:12 / All) DougSandhorst: STOP THE GAME
(22:14 / All) eatmypoo: what going, on
(22:15 / All) absoluteliggy: HOLDUP
(22:15 / All) SantaBroughtA4s: -uberabaamg
(23:08 / Allies) FCB: lol
(23:30 / All) SantaBroughtA4s: ORANGE IS KNOWN BACKSTABBER REPORT HIM TO "Blizzard Entertainment"!!!
(23:39 / All) Naxx: fuck you teal
(23:40 / All) eatmypoo: wtf
(23:47 / All) DougSandhorst: teal is my brother
(24:46 / Allies) SantaBroughtA4s: wtf u guys r noobs
(24:48 / Allies) SantaBroughtA4s: cant u even kill towers
(25:03 / Allies) DougSandhorst: nothing but chimps
(25:17 / All) SantaBroughtA4s: Noob Oran'ge doesnt even use his hero... oran'ge is the new bl'ack
(26:37 / Allies) FCB: ;/
(27:00 / Allies) FCB: we are lose oj
(27:08 / Allies) SantaBroughtA4s: exPAND orange... jesus
(27:09 / Allies) Naxx: speak english you faggot
(27:19 / Allies) FCB: stfu
(27:28 / Allies) FCB: dam noob teal
(30:39 / All) FCB: lol
(30:47 / All) FCB: these 2 are noobs
(30:53 / All) absoluteliggy: yeah u are
(31:06 / All) eatmypoo: hwat a noop team cant win a 2v4/
(31:06 / All) SantaBroughtA4s: fuck this man i wanna be on the winning team
(31:08 / All) FCB: they cant win so thay attack thare team lol
(31:10 / All) SantaBroughtA4s: had enough of u and orange 's shit
(31:14 / All) FCB: lol
(31:16 / All) absoluteliggy: u should play arranged team instead...
(31:19 / All) FCB: fuck you
(31:35 / All) absoluteliggy: this never happen in AT
(31:36 / All) FCB: i can win next game so fuck you
(31:59 / All) FCB: im not quit
(32:04 / All) DougSandhorst: you are quit
(32:08 / All) FCB: so fuck you
(32:12 / All) FCB: brb
(32:20 / All) SantaBroughtA4s: damn. i wish i could take allied victory off for this noob
(32:40 / All) FCB: gg pinky
(32:48 / All) eatmypoo: eat
(32:49 / All) eatmypoo: my
(32:50 / All) eatmypoo: poo
(33:09 / All) FCB: suck my dicky
(33:40 / All) FCB: lol
(33:43 / All) FCB: hhhhhhhhhhhhhhhhhhhhhhhhhhhhhhhhhh
(33:48 / All) absoluteliggy: u noob?
(33:54 / All) FCB: wha ha ha ha
(33:56 / All) FCB: lol
(34:00 / All) FCB: r u ok ??
(34:03 / All) SantaBroughtA4s: this purp guy is so noob
(34:13 / All) FCB: go to my profile
(34:15 / All) absoluteliggy: yes I just won the game through hard work n dedication
(34:20 / All) absoluteliggy: take a lesson from me kid
(34:22 / All) DougSandhorst: 401-452
(34:24 / All) DougSandhorst: you like to lose
(34:26 / All) SantaBroughtA4s: i dont need to view the profile of a scrub
(34:30 / All) FCB: hhhhhhhhhhhhhhhhh
(34:39 / All) FCB: what about you ??